 Dungeon Crawl Stone Soup version 0.21.1-1-g345015fe64 (webtiles) character file.

59 Ivernyr the Charmwright (level 4, -1/33 HPs)
             Began as a Human Skald on June 5, 2018.
             Slain by an adder (3 damage)
             ... on level 2 of the Dungeon.
             The game lasted 00:05:05 (1323 turns).

Ivernyr the Charmwright (Human Skald)               Turns: 1323, Time: 00:05:06

Health: -1/33      AC:  7    Str: 16    XL:     4   Next: 22%
Magic:  1/7        EV: 12    Int: 14    God:
Gold:   63         SH:  0    Dex: 13    Spells: 2/7 levels left

rFire    . . .     SeeInvis .   a - +0 falchion
rCold    . . .     Gourm    .   (no shield)
rNeg     . . .     Faith    .   b - +0 leather armour
rPois    .         Spirit   .   q - +0 helmet
rElec    .         Reflect  .   (no cloak)
rCorr    .         Harm     .   (no gloves)
MR       .....                  m - +2 pair of boots
Stlth    +.........             l - amulet of inaccuracy (curse)
HPRegen  0.11/turn              p - +5 ring of strength
MPRegen  0.10/turn              (no ring)

@: no status effects
A: no striking features
a: no special abilities


You were on level 2 of the Dungeon.
You were not hungry.

You visited 1 branch of the dungeon, and saw 2 of its levels.

You collected 63 gold pieces.

Inventory:

Hand Weapons
 a - a +0 falchion (weapon)
Missiles
 j - 9 poisoned needles
Armour
 b - a +0 leather armour (worn)
 m - a +2 pair of boots (worn)
 q - a +0 helmet (worn)
Jewellery
 l - a cursed amulet of inaccuracy (around neck)
 p - a +5 ring of strength (left hand)
Scrolls
 f - a scroll of random uselessness
 h - a scroll of immolation {unknown}
 i - a scroll of noise {unknown}
 k - a scroll of identify {unknown}
 o - a scroll of fear {unknown}
Potions
 g - a potion of agility {unknown}
 n - a potion of lignification {unknown}
Books
 c - a book of Battle

   Spells                             Type                      Level
   a - Infusion                       Charms                       1
   b - Shroud of Golubria             Charms/Translocation         2
   c - Song of Slaying                Charms                       2
   d - Spectral Weapon                Hexes/Charms                 3
   e - Regeneration                   Charms/Necromancy            3
Comestibles
 d - 3 rations


   Skills:
 - Level 2.0 Fighting
 - Level 2.0 Long Blades
 * Level 2.0 Throwing
 + Level 1.8 Armour
 - Level 2.0 Dodging
 - Level 2.0 Spellcasting
 * Level 3.8 Charms


You had 2 spell levels left.
You knew the following spells:

 Your Spells              Type           Power        Failure   Level  Hunger
a - Shroud of Golubria    Chrm/Tloc      #.........   21%         2    ###....
b - Song of Slaying       Chrm           ##......     10%         2    ###....
c - Infusion              Chrm           ##..         6%          1    ##.....


Dungeon Overview and Level Annotations

Branches:
Dungeon (2/15)

Altars:
Ashenzari
Cheibriados
Xom


Message History

Your shroud begins to fray at the edges.
The adder completely misses you.
Your magical contamination has completely faded away.
You barely miss the adder.
The adder is heavily wounded.
The adder barely misses you. The adder bites you but does no damage.
You miss the adder.
The adder is heavily wounded.
Your shroud bends the adder's attack away.
You miss the adder.
The adder is heavily wounded.
The adder barely misses you.
You riposte.
You closely miss the adder.
The adder is heavily wounded.
The adder bites you.
* * * LOW HITPOINT WARNING * * *
Your shroud falls apart!
Your leather armour prevents you from hitting the adder.
The adder is heavily wounded.
The adder bites you.
You die...

#.# #.....# #.##.# #.#
###.#####..... #.#
####.#......... #.#
#..........)..# #.#
#.##.#..####...
####.####.##......##._.
####.......#.##......##...
#.......#......[.........#
#.##.##gS@(.(##.#..####.##
#. #)###.#...........# .
#.#.._..#.#########
#......(..#.##((.#
#.##.#..#...##...# ### ..
...######...#######.. #.#
.#.## #............ . ....
#..≈(≈...≈..≈ .. ..
#...≈≈≈≈≈≈≈≈≈


You could see an adder and a hobgoblin.

Vanquished Creatures
  Terence (D:2)
  2 dart slugs (D:1)
  2 leopard geckos
  3 giant cockroaches (D:1)
  4 hobgoblins
  2 jackals (D:1)
  4 kobolds
  6 bats
  2 frilled lizards (D:1)
  4 rats (D:1)
30 creatures vanquished.

Notes
Turn   | Place    | Note
-------+----------+-------------------------------------------
     0 | D:1      | Ivernyr the Human Skald began the quest for the Orb.
     0 | D:1      | Reached XP level 1. HP: 16/16 MP: 3/3
   143 | D:1      | Reached XP level 2. HP: 21/22 MP: 5/5
   157 | D:1      | Learned a level 2 spell: Song of Slaying
   160 | D:1      | Learned a level 2 spell: Shroud of Golubria
   254 | D:1      | Reached skill level 1 in Throwing
   370 | D:1      | Found a shattered altar of Ashenzari.
   377 | D:1      | Reached XP level 3. HP: 18/27 MP: 6/6
   928 | D:2      | Noticed Terence
   949 | D:2      | Killed Terence
   949 | D:2      | Reached XP level 4. HP: 32/33 MP: 4/7
  1051 | D:2      | Found a faded altar of an unknown god.
  1063 | D:2      | Found a shimmering altar of Xom.
  1188 | D:2      | Found a snail-covered altar of Cheibriados.
  1316 | D:2      | HP: 1/33 [adder (5)]
  1323 | D:2      | Slain by an adder

Skill      XL: |  1  2  3  4 |
---------------+-------------+-----
Throwing       | 1 2 |  2.0
Fighting       | |  2.0
Long Blades    | |  2.0
Armour         | |  1.8
Dodging        | |  2.0
Spellcasting   | |  2.0
Charms         | |  3.8

Action                   |  1- 3 |  4- 6 || total
-------------------------+-------+-------++-------
Melee: Falchion          |    88 |    48 ||   136
 Cast: Shroud of Golubri |     4 |     5 ||     9
       Song of Slaying   |       |     2 ||     2
  Use: Potion            |       |     2 ||     2
       Scroll            |       |     1 ||     1
 Stab: Sleeping          |     1 |       ||     1
  Eat: Chunk             |       |     2 ||     2
Armor: Leather armour    |    27 |    21 ||    48
Dodge: Dodged            |    67 |    39 ||   106
       Rpst.: Falchion   |    14 |     9 ||    23
